 Dungeon Crawl Stone Soup version 0.32-a0-630-g46d191b0ed (webtiles) character file.

Game seed: 8860007514991740317

65 adelrune the Grasshopper (level 4, -4/34 HPs)
             Began as a Coglin Warper on Mar 6, 2024.
             Incinerated by a bombardier beetle (6 damage)
             ... with a burning spray
             ... on level 3 of the Dungeon.
             The game lasted 00:05:03 (1692 turns).

adelrune the Grasshopper (Coglin Warper)            Turns: 1692, Time: 00:05:04

Health: -4/34      AC:  7    Str: 12    XL:     4   Next: 13%
Magic:  6/6        EV: 12    Int: 12    God:
Gold:   89         SH:  0    Dex: 15    Spells: 6/6 levels left

rFire   . . .        a - +0 falchion {Anedjib}
rCold   . . .        e - +0 dagger {Hisao}
rNeg    . . .        b - +0 leather armour
rPois   .            u - +0 helmet
rElec   .            (no cloak)
rCorr   .            f - +2 pair of gloves
SInv    .            (no boots)
Will    .....        (amulet unavailable)
Stlth   +            (ring unavailable)
HPRegen 0.25/turn    (ring unavailable)
MPRegen 0.10/turn    (no gizmo)

%: no passive effects
@: on fire, glowing, revved
A: off-hand wielding, slow wielding, warmup strikes, no jewellery
a: Invent Gizmo


You were on level 3 of the Dungeon.
You visited 1 branch of the dungeon, and saw 3 of its levels.

You collected 89 gold pieces.

Inventory:

Hand Weapons
 a - a +0 falchion (weapon) {Anedjib}
 e - a +0 dagger (offhand) {Hisao}
Missiles
 d - 7 darts of dispersal (quivered)
Armour
 b - a +0 leather armour (worn)
 f - a +2 pair of gloves (worn)
 k - a +0 ring mail
 u - a +0 helmet (worn)
Scrolls
 c - a scroll of blinking
 h - 2 scrolls of enchant armour {unknown}
 i - 2 scrolls of acquirement {unknown}
 j - a scroll of silence {unknown}
 l - a scroll of teleportation {unknown}
 m - a scroll of fog {unknown}
 n - 2 scrolls of brand weapon {unknown}
 o - a scroll of amnesia {unknown}
 p - a scroll of poison {unknown}
 s - 2 scrolls of identify {unknown}
 t - a scroll of fear {unknown}
Potions
 g - 3 potions of curing {unknown}
 q - a potion of enlightenment {unknown}
 r - a potion of berserk rage {unknown}


   Skills:
 + Level 2.5 Fighting
 * Level 3.2 Long Blades
 - Level 0.8 Throwing
 - Level 0.8 Armour
 + Level 2.3 Dodging
 - Level 1.7 Spellcasting
 * Level 3.3 Translocations


You had 6 spell levels left.
You didn't know any spells.
Your spell library contained the following spells:

 Spells                   Type           Power      Damage    Failure   Level
 Blink                    Tloc           18%        N/A       14%         2
 Lesser Beckoning         Tloc           18%        N/A       14%         2
 Teleport Other           Tloc           9%         N/A       26%         3
 Kiss of Death            Conj/Necr      4%         2d5       34%         1
 Magic Dart               Conj           4%         1d3       34%         1
 Call Imp                 Summ           2%         N/A       47%         2
 Manifold Assault         Tloc           9%         N/A       65%         4
 Confusing Touch          Hex            1%         N/A       71%         3
 Vhi's Electric Charge    Tloc/Air       10%        N/A       87%         4
 Dispel Undead            Necr           1%         3d6       98%         4


Dungeon Overview and Level Annotations

Branches:
Dungeon (3/15)

Altars:


Innate Abilities, Weirdness & Mutations

You can wield a second weapon in your off-hand.
It takes a long time for you to wield or remove held weapons.
Your first few attacks do less damage.
You cannot equip rings or amulets.


Message History

Okay, then.
Sigmund shouts!
A bombardier beetle comes into view.
Sigmund hits you with a +0 scythe!
You hit Sigmund but do no damage. x2
You hit Sigmund with your +0 dagger.
Sigmund is lightly wounded.
You hit Sigmund with your +0 falchion.
Sigmund's eyes start glowing with a red light.
Sigmund barely misses you.
You hit Sigmund but do no damage.
Sigmund is lightly wounded.
You hit Sigmund with your +0 falchion. Sigmund hits you but does no damage.
You hit Sigmund with your +0 falchion.
Sigmund is moderately wounded.
You closely miss Sigmund with your +0 dagger.
You hit Sigmund with your +0 falchion.
Sigmund is heavily wounded.
You hit Sigmund but do no damage. Sigmund closely misses you.
You hit Sigmund but do no damage.
Sigmund is heavily wounded.
You slash Sigmund with your +0 falchion!
Sigmund points at you and mumbles some strange words.
The magic dart hits you!
The bombardier beetle sprays incendiary fluid at you.
The burning spray hits you.
You are covered in liquid fire!
You hit Sigmund but do no damage.
Sigmund is severely wounded.
You hit Sigmund with your +0 falchion. The liquid fire burns you!
Sigmund gestures at you while chanting. The magic dart hits you!
* * * LOW HITPOINT WARNING * * *
You closely miss Sigmund with your +0 dagger.
Sigmund is almost dead.
You hit Sigmund with your +0 falchion.
You kill Sigmund!
The liquid fire burns you!
You die...

####.#### ##
#.#.# #.
####.#### #..
#...#...#
#...#..#.#..#
#...####.####
#.....#
#.B.### ###@#
#)# #.# #.#
#.# #.# #.#
..#


You could see a bombardier beetle.

Vanquished Creatures
  Sigmund (D:3)
  An adder (D:3)
  A ribbon worm (D:3)
  2 dart slugs
  7 ball pythons
  3 giant cockroaches
  3 goblins
  5 hobgoblins
  A jackal (D:3)
  3 kobolds
  7 quokkas
  4 bats
  5 frilled lizards
  8 rats
51 creatures vanquished.

Notes
Turn   | Place    | Note
-------+----------+-------------------------------------------
     0 | D:1      | adelrune the Coglin Warper began the quest for the Orb.
     0 | D:1      | Reached XP level 1. HP: 16/16 MP: 3/3
   139 | D:1      | Reached XP level 2. HP: 21/22 MP: 4/4
   629 | D:2      | Reached XP level 3. HP: 20/28 MP: 5/5
   739 | D:2      | Found a faded altar of an unknown god.
  1628 | D:3      | Reached XP level 4. HP: 27/34 MP: 6/6
  1682 | D:3      | Noticed Sigmund
  1692 | D:3      | Killed Sigmund
  1692 | D:3      | Incinerated by a bombardier beetle

Illustrated notes

Levels and vault maps discovered:
D:1:      spicycebolla_green_bress_n_ham_2, layout_basic,
          chequers_serial_rivers_micro_c, minmay_unequal
D:2:      layout_basic, chequers_ecumenical_altar_island, minmay_octomino_j4
D:3:      layout_basic, wad_rectangle_vault, uniq_sigmund

Skill      XL: |  1  2  3 |
---------------+----------+-----
Dodging        | 2 |  2.3
Long Blades    | 3 |  3.2
Fighting       | |  2.5
Throwing       | |  0.8
Armour         | |  0.8
Spellcasting   | |  1.7
Translocations | |  3.3

Action                     |  1- 3 |  4- 6 || total
---------------------------+-------+-------++-------
  Melee: Falchion          |   100 |    22 ||   122
         Dagger            |    84 |    22 ||   106
   Stab: Sleeping          |     1 |       ||     1
 Armour: Leather armour    |    52 |    14 ||    66
         Ring mail         |    34 |       ||    34
  Dodge: Dodged            |    44 |    19 ||    63

Table legend: (Time is in decaauts)
 A = Elapsed time spent in this place.
 B = Non-inter-level travel time spent in this place.
 C = Inter-level travel time spent in this place.
 D = Time resting spent in this place.
 E = Time spent auto-exploring this place.
 F = Levels seen in this place.
 G = Mean time per level.
                   A        B        C        D        E       F      G
               +--------+--------+--------+--------+--------+-----+--------+
         Total |   1705 |   1670 |     35 |      0 |   1272 |   3 |  568.3 |
       Dungeon |   1705 |   1670 |     35 |      0 |   1272 |   3 |  568.3 |
               +--------+--------+--------+--------+--------+-----+--------+

Top non-repeatable levels by time:
     D:2: 641 daAuts
     D:1: 618 daAuts
     D:3: 445 daAuts
